General information
- name: BNet
- type: Ladder 1vs1/FFA
- host: Battle.net
- saver: DirtMcGirt
map: TurtleRock
- players: 2
- length: 24:43
- speed: Fast
- version: 1.23 W3XP
- replay type: Public
» download(75 KB)
Players
team 1 (loser)
PETORtheGREAT (
purple | 36 APM | 886 actions | 24:42)
5 Mountain King
2 Storm Bolt
2 Bash
1 Thunder Clap
3 Paladin
2 Divine Shield
1 Holy Light
» actions
| Assign group hotkey | 37 | |
| Basic commands | 89 | |
| Build / train | 77 | |
| Enter build submenu | 24 | |
| Enter hero's abilities submenu | 8 | |
| Give item / drop item | 2 | |
| Remove unit from queue | 4 | |
| Right click | 183 | |
| Select / deselect | 294 | |
| Select group hotkey | 114 | |
| Use ability | 54 | |
886 total
» units
| Peasant | 10 | |
| Footman | 11 | |
| Rifleman | 15 | |
| Dragonhawk Rider | 13 | |
| Sorceress | 1 | |
| Gryphon Rider | 1 | |
51 total
» upgrades
| Swords | 1 | |
| Gunpowder | 1 | |
| Lumber Harvesting | 1 | |
| Long Rifles | 1 | |
| Armor | 1 | |
| Storm Hammers | 0 | |
5 total
» buildings
| Farm | 10 | |
| Altar of Kings | 1 | |
| Barracks | 1 | |
| Blacksmith | 1 | |
| Scout Tower | 1 | |
| Lumber Mill | 1 | |
| Arcane Vault | 1 | |
| Keep | 1 | |
| Guard Tower | 1 | |
| Gryphon Aviary | 1 | |
| Arcane Sanctum | 1 | |
| Town Hall | 2 | |
| Castle | 1 | |
23 total
» build order
00:10 Farm
00:19 Altar of Kings
00:25 Barracks
00:55 Farm
01:29 Farm
01:51 Farm
02:32 Blacksmith
02:48 Farm
03:53 Farm
04:35 Farm
05:19 Scout Tower
06:47 Lumber Mill
06:51 Arcane Vault
08:20 Keep
08:22 Guard Tower
10:12 Farm
11:12 Gryphon Aviary
13:55 Arcane Sanctum
15:19 Farm
16:08 Farm
16:35 Town Hall
20:16 Castle
22:40 Town Hall
» items
| Scroll of Healing | 1 | |
| Potion of Lesser Invulnerability | 1 | |
| Scroll of Regeneration | 1 | |
| Potion of Healing | 1 | |
4 total
team 2 (winner)

»
DirtMcGirt (
orange | 106 APM | 2615 actions | 24:43)
5 Archmage
3 Summon Water Elemental
2 Brilliance Aura
6 Beastmaster
2 Summon Quilbeast
3 Summon Bear
1 Stampede
» actions
| Assign group hotkey | 26 | |
| Build / train | 73 | |
| Enter build submenu | 24 | |
| Enter hero's abilities submenu | 13 | |
| Give item / drop item | 1 | |
| Remove unit from queue | 4 | |
| Right click | 1136 | |
| Select / deselect | 809 | |
| Select group hotkey | 406 | |
| Use ability | 123 | |
2615 total
» units
| Peasant | 12 | |
| Footman | 9 | |
| Spell Breaker | 3 | |
| Sorceress | 5 | |
| Knight | 5 | |
| Rifleman | 2 | |
36 total
» upgrades
| Defend | 1 | |
| Lumber Harvesting | 2 | |
| Sorceress Training | 2 | |
5 total
» buildings
| Altar of Kings | 1 | |
| Barracks | 2 | |
| Farm | 8 | |
| Keep | 1 | |
| Arcane Vault | 1 | |
| Lumber Mill | 1 | |
| Arcane Sanctum | 3 | |
| Castle | 1 | |
| Blacksmith | 1 | |
| Town Hall | 5 | |
24 total
» build order
00:08 Altar of Kings
00:14 Barracks
00:21 Farm
00:59 Farm
02:39 Farm
02:57 Keep
03:50 Arcane Vault
07:03 Farm
07:26 Lumber Mill
07:48 Farm
08:44 Arcane Sanctum
09:36 Castle
10:17 Arcane Sanctum
10:20 Arcane Sanctum
11:19 Farm
11:30 Blacksmith
11:49 Farm
13:55 Barracks
14:22 Town Hall
16:18 Town Hall
19:06 Town Hall
19:09 Town Hall
19:13 Farm
20:22 Town Hall
» items
| Potion of Healing | 2 | |
| Scroll of Regeneration | 4 | |
| Scroll of Town Portal | 3 | |
| Staff of Sanctuary | 2 | |
| Lesser Clarity Potion | 1 | |
12 total
Chat log
(00:52 / All) DirtMcGirt: gl f
(00:56 / All) PETORtheGREAT: u2
(24:42 / All) DirtMcGirt: GG